 Dungeon Crawl Stone Soup version 0.21.0-24-g2553a3340b (webtiles) character file.

229 KamiKatze the Skirmisher (level 6, -3/39 HPs)
             Began as a Gargoyle Berserker on Jan 19, 2018.
             Was a Believer of Trog.
             Killed from afar by flt's ghost (23 damage)
             ... with a stone arrow
             ... on level 4 of the Dungeon.
             The game lasted 00:08:12 (1993 turns).

KamiKatze the Skirmisher (Gargoyle Berserker)       Turns: 1993, Time: 00:08:12

Health: -3/39      AC: 16    Str: 22    XL:     6   Next: 3%
Magic:  12/15      EV: 10    Int:  8    God:    Trog [**....]
Gold:   160        SH:  0    Dex:  9    Spells: 5/5 levels left

rFire    . . .     SeeInvis .   a - +0 hand axe
rCold    . . .     Gourm    .   (no shield)
rNeg     + + .     Faith    .   m - +1 pearl dragon scales
rPois    ∞         Spirit   .   (no helmet)
rElec    +         Reflect  .   (no cloak)
rCorr    .         Harm     .   (no gloves)
MR       .....                  (no boots)
Stlth    ..........             (no amulet)
HPRegen  0.13/turn              r - ring of magical power
MPRegen  0.14/turn              (no ring)

@: berserk cooldown, slowed, very slow
A: negative energy resistance 1, electricity resistance, unbreathing,
petrification resistance, rot immunity, AC +4
a: Berserk, Trog's Hand, Burn Spellbooks, Renounce Religion


You were on level 4 of the Dungeon.
You worshipped Trog.
Trog was pleased with you.
You were near starving.

You visited 1 branch of the dungeon, and saw 4 of its levels.

You collected 160 gold pieces.

Inventory:

Hand Weapons
 a - a +0 hand axe (weapon)
 d - a +0 mace
 p - a cursed -3 flail
Armour
 m - +1 pearl dragon scales (worn)
Jewellery
 r - a ring of magical power (left hand)
Scrolls
 e - a scroll of enchant armour
 f - 3 scrolls of remove curse
 g - a scroll of enchant weapon {unknown}
 h - a scroll of amnesia {unknown}
 k - a scroll of magic mapping
 o - a scroll of fear {unknown}
Potions
 b - a potion of brilliance {unknown}
 i - a potion of might {unknown}
 j - a potion of invisibility
 l - a potion of resistance
 n - 2 potions of cancellation
 q - a potion of curing {unknown}
Comestibles
 c - 6 rations


   Skills:
 + Level 4.3 Fighting
 * Level 4.2 Axes
 + Level 3.5 Armour
 + Level 2.5 Dodging


You had 5 spell levels left.
You didn't know any spells.

Dungeon Overview and Level Annotations

Branches:
Dungeon (4/15)
 Temple: D:4-7

Altars:
Dithmenos
Fedhas
Qazlal
Sif Muna
Vehumet
Yredelemnul
The Shining One

Annotations:
D:4 flt's ghost, amateur GrEE


Innate Abilities, Weirdness & Mutations

You are resistant to torment.
Your stone body is resilient. (AC +4)
You are immune to poison.
You resist negative energy. (rN+)
You are resistant to electric shocks. (rElec)
You can survive without breathing.
You are immune to petrification.
You are immune to rotting.


Message History

You barely miss flt's ghost.
Flt's ghost is heavily damaged.
Flt's ghost hits you but does no damage.
You miss flt's ghost.
Flt's ghost is heavily damaged.
You hit flt's ghost.
Flt's ghost is heavily damaged.
Flt's ghost misses you.
You closely miss flt's ghost.
Flt's ghost is heavily damaged.
Flt's ghost hits you but does no damage.
You slash flt's ghost!
Flt's ghost is almost destroyed.
You are no longer berserk.
You are exhausted.
You feel yourself slow down.
Flt's ghost points at you and mumbles some strange words.
The stone arrow hits you!
Ouch! That really hurt!
You die...

#########
#...W....
#W# #@#
#<# ###


You could see flt's ghost.

Vanquished Creatures
  An ice beast (D:3)
  An orc wizard (D:3)
  3 adders (D:3)
  An ooze (D:1)
  3 worms
  2 dart slugs
  2 leopard geckos
  5 orcs (D:3)
  3 bats
  4 giant cockroaches
  2 goblins (D:3)
  6 hobgoblins
  2 quokkas (D:3)
  A ball python (D:2)
  3 frilled lizards (D:1)
  7 kobolds
  9 rats
55 creatures vanquished.

Notes
Turn   | Place    | Note
-------+----------+-------------------------------------------
     0 | D:1      | KamiKatze the Gargoyle Berserker began the quest for the Orb.
     0 | D:1      | Reached XP level 1. HP: 14/14 MP: 1/1
   234 | D:1      | Reached XP level 2. HP: 10/19 MP: 2/2
   570 | D:1      | Reached XP level 3. HP: 18/23 MP: 3/3
   734 | D:2      | Reached ** piety under Trog
  1205 | D:3      | Reached XP level 4. HP: 18/29 MP: 4/4
  1336 | D:3      | Noticed an ice beast
  1493 | D:3      | Killed an ice beast
  1493 | D:3      | Reached XP level 5. HP: 33/33 MP: 5/5
  1614 | D:3      | Found a radiant altar of Vehumet.
  1615 | D:3      | Found a blossoming altar of Fedhas.
  1615 | D:3      | Found a basalt altar of Yredelemnul.
  1618 | D:3      | Found a deep blue altar of Sif Muna.
  1633 | D:3      | Found a stormy altar of Qazlal.
  1633 | D:3      | Found a glowing golden altar of the Shining One.
  1638 | D:3      | Found a shadowy altar of Dithmenos.
  1709 | D:3      | Reached XP level 6. HP: 31/39 MP: 6/6
  1970 | D:4      | Noticed flt's ghost (amateur GrEE)
  1993 | D:4      | Killed from afar by flt's ghost

Skill      XL: |  1  2  3  4 |
---------------+-------------+-----
Axes           | 3 4 |  4.2
Dodging        | 2 |  2.5
Armour         | 3 |  3.5
Fighting       | 4 |  4.3

Action                   |  1- 3 |  4- 6 || total
-------------------------+-------+-------++-------
Melee: Hand axe          |   111 |   115 ||   226
Invok: Berserk           |       |     2 ||     2
  Use: Scroll            |     5 |     1 ||     6
 Stab: Sleeping          |     2 |       ||     2
  Eat: Chunk             |     1 |     3 ||     4
Armor: Animal skin       |    12 |       ||    12
       Pearl dragon scal |    18 |    56 ||    74
       Scale mail        |     8 |       ||     8
Dodge: Dodged            |    63 |    41 ||   104
